Map: Oxide LE

Players

Trap

  • Race: Protoss Protoss

HeroMarine - Winner!

  • Race: Terran Terran

Event: ASUS ROG Fall 2021

VOD

Have the link to the VOD?

Description

Time

  • Played on: Sept. 17, 2021, 9:21 a.m.
  • Length: 10:57

All games in this series

Show
View Real Time Build Order
Export as new Build Order

Trap Protoss 

Build Orders: 1 Gate Expand, Double Forge, Blink Stalkers 

Get SALT Encoding   

  12  0:00  Probe  
  13  0:12  Probe  
  14  0:17  Pylon  
  14  0:24  Probe (Chrono Boost)  
  15  0:36  Probe (Chrono Boost)  
  15  0:37  Gateway  
  16  0:44  Probe (Chrono Boost)  
  16  0:45  Assimilator  
  17  0:51  Probe  
  18  1:03  Probe  
  19  1:15  Probe  
  20  1:22  Nexus  
  20  1:33  Cybernetics Core  
  20  1:36  Probe  
  21  1:42  Assimilator  
  21  1:48  Probe  
  21  1:52  Pylon  
  22  2:00  Probe  
  23  2:08  Adept (Chrono Boost)  
  23  2:11  Warp Gate  
  23  2:12  Probe  
  26  2:19  Twilight Council  
  26  2:24  Stalker (Chrono Boost)  
  26  2:25  Probe (Chrono Boost)  
  27  2:34  Probe (Chrono Boost)  
  31  2:43  Probe (Chrono Boost)  
  31  2:44  Probe (Chrono Boost)  
  32  2:49  Probe x2 (Chrono Boost)  
  32  2:50  Blink (Chrono Boost)  
  34  3:00  Probe  
  34  3:01  Probe  
  34  3:02  Stalker  
  38  3:11  Gateway  
  38  3:13  Probe  
  38  3:15  Probe  
  40  3:25  Probe  
  41  3:27  Probe  
  41  3:33  Pylon  
  42  3:37  Probe  
  42  3:39  Probe  
  44  3:45  Nexus  
  44  3:49  Probe  
  44  3:51  Probe  
  46  3:59  Sentry  
  46  4:02  Assimilator, Probe  
  49  4:03  Pylon  
  49  4:04  Probe  
  49  4:05  Stalker  
  52  4:10  Phoenix  
  52  4:14  Forge  
  52  4:15  Forge, Probe  
  52  4:16  Probe  
  54  4:21  Gateway  
  54  4:30  Stalker x2  
  58  4:35  Charge (Chrono Boost)  
  58  4:36  Probe x2  
  58  4:38  Pylon  
  60  4:47  Protoss Ground Weapons Level 1, Protoss Ground Armor Level 1  
  60  4:50  Probe x2  
  62  5:00  Stalker x2  
  62  5:02  Probe  
  66  5:16  Stalker  
  66  5:17  Probe x2  
  66  5:18  Probe  
  69  5:23  Stalker x2  
  73  5:29  Probe  
  64  5:37  Pylon  
  64  5:40  Stalker  
  61  5:43  Pylon  
  60  5:56  Nexus, Stalker x2  
  64  5:57  Pylon, Probe x2  
  64  6:01  Gateway  
  64  6:03  Gateway  
  66  6:11  Stalker  
  68  6:16  Probe x2  
  68  6:23  Sentry x2  
  68  6:24  Gateway  
  68  6:25  Gateway  
  72  6:27  Gateway  
  72  6:30  Probe x2  
  74  6:36  Sentry  
  76  6:42  Robotics Facility  
  76  6:44  Probe x2  
  74  6:57  Zealot x4  
  74  7:00  Shield Battery, Zealot  
  84  7:02  Shield Battery  
  84  7:05  Pylon, Protoss Ground Weapons Level 2 (Chrono Boost), Protoss Ground Armor Level 2 (Chrono Boost)  
  84  7:10  Pylon  
  84  7:19  Probe  
  84  7:20  Probe x2  
  87  7:29  Stalker x3  
  93  7:32  Observer (Chrono Boost)  
  93  7:34  Probe x3  
  93  7:35  Zealot  
  99  7:39  Zealot  
  99  7:40  Zealot  
  99  7:43  Pylon  
  103  7:50  Zealot  
  103  7:51  Zealot  
  107  7:53  Zealot x2  
  107  7:54  Observer  
  110  8:02  Zealot x4  
  117  8:14  Pylon  
  117  8:16  Pylon, Zealot  
  117  8:26  Zealot x5  
  117  8:27  Zealot  
  85  8:36  Probe x3  
  85  8:39  Immortal (Chrono Boost)  
  81  8:47  Gateway  
  79  8:48  Gateway  
  79  8:51  Sentry x2  
  79  8:52  Sentry, Zealot x3  
  91  8:56  Shield Battery  
  91  9:01  Photon Cannon  
  91  9:07  Shield Battery  
  91  9:09  Immortal (Chrono Boost)  
  95  9:18  Zealot x4  
  95  9:19  Zealot x2  
  75  9:40  Stalker x4  
  75  9:41  Stalker  
  75  9:42  Stalker x2  
  68  9:46  Zealot  
  50  10:04  Sentry x2  
  50  10:05  Sentry, Zealot x4  
  64  10:11  Zealot  
  56  10:26  Sentry  
  58  10:29  Zealot x4  
  52  10:37  Stalker  
  52  10:39  Stalker  
Show
View Real Time Build Order
Export as new Build Order

HeroMarine Terran - Winner!

Build Orders:  

Get SALT Encoding   

  12  0:00  SCV  
  13  0:12  SCV  
  14  0:17  Supply Depot  
  14  0:24  SCV  
  15  0:38  SCV  
  15  0:40  Barracks  
  16  0:43  Refinery  
  16  0:50  SCV  
  17  1:02  SCV  
  18  1:15  SCV  
  19  1:27  Marine, Orbital Command  
  20  1:42  Command Center  
  20  1:45  Barracks Reactor  
  20  1:50  Supply Depot  
  20  1:54  SCV  
  21  2:04  Factory  
  21  2:06  SCV  
  22  2:15  Refinery  
  22  2:19  SCV  
  22  2:21  Marine x2  
  25  2:31  SCV  
  26  2:39  Marine x2  
  26  2:43  SCV  
  29  2:47  Hellion  
  29  2:50  Starport  
  31  2:54  Orbital Command  
  31  2:55  SCV  
  31  2:58  Marine  
  32  3:01  Marine  
  34  3:07  SCV  
  34  3:08  Factory Tech Lab  
  35  3:16  Marine  
  35  3:18  Marine  
  35  3:19  SCV, Supply Depot  
  38  3:22  SCV  
  39  3:29  Medivac  
  39  3:32  Siege Tank  
  44  3:36  SCV x2  
  44  3:41  Marine x2  
  48  3:46  Supply Depot  
  48  3:48  SCV x2  
  50  3:56  Supply Depot  
  50  3:59  Marine x2, Starport Tech Lab  
  52  4:06  Siege Tank  
  52  4:08  Supply Depot, SCV  
  52  4:09  SCV  
  55  4:16  Marine x2  
  57  4:18  Banshee  
  57  4:20  SCV  
  57  4:22  SCV  
  62  4:29  Barracks  
  62  4:32  SCV  
  62  4:34  Marine x2, SCV  
  66  4:38  Siege Tank  
  66  4:44  SCV  
  70  4:46  SCV  
  70  4:47  Barracks  
  70  4:50  Engineering Bay  
  71  4:55  Refinery  
  71  4:57  SCV  
  71  4:58  Marine x2, SCV  
  75  5:09  SCV  
  75  5:10  SCV, Starport Reactor  
  76  5:15  Marine  
  76  5:16  Marine  
  76  5:19  Bunker  
  78  5:23  Refinery, SCV x2, Siege Tank  
  78  5:25  Terran Infantry Weapons Level 1  
  83  5:32  Marine  
  83  5:33  Marine  
  83  5:35  SCV x2  
  75  5:43  Barracks  
  75  5:44  Barracks Tech Lab  
  75  5:45  Barracks  
  75  5:47  SCV x2  
  76  5:52  Marauder  
  76  5:55  Marine x2, Stimpack  
  79  6:03  Bunker, Siege Tank  
  79  6:04  Marine  
  83  6:12  Marine, Combat Shield  
  83  6:13  Marine x2  
  83  6:17  SCV x2  
  82  6:26  Marauder  
  82  6:30  SCV x2  
  86  6:34  Supply Depot, Starport Reactor  
  86  6:35  Barracks Tech Lab, Marauder  
  88  6:40  Siege Tank  
  87  6:47  Marauder  
  87  6:51  Marine x3  
  87  6:52  Marine  
  89  7:00  Supply Depot, Marauder x2  
  93  7:01  Missile Turret  
  93  7:02  Concussive Shells  
  93  7:08  Marine  
  93  7:09  Marine x3  
  93  7:11  Medivac  
  99  7:15  Medivac  
  99  7:18  Marauder  
  99  7:22  Marauder  
  105  7:26  Marine x2  
  105  7:27  Marine x2  
  105  7:29  Supply Depot  
  109  7:32  Marauder  
  111  7:39  Marine  
  111  7:41  Medivac  
  111  7:43  Marine  
  115  7:44  Marine x2  
  115  7:45  Marine  
  115  7:46  Marine  
  115  7:47  Factory Reactor  
  115  7:51  Supply Depot, Medivac  
  116  7:53  Supply Depot  
  116  7:55  Marauder  
  116  7:57  Marine  
  120  8:01  Marine  
  121  8:08  Marine x3  
  121  8:09  Marine  
  123  8:16  Marine, Marauder  
  123  8:19  Marauder  
  127  8:26  Marine x3  
  114  8:27  Marine  
  114  8:30  Medivac  
  99  8:34  Marauder  
  99  8:37  Marauder  
  99  8:40  Marine  
  92  8:44  Marine x3, Widow Mine x2  
  92  8:45  Marine  
  92  8:48  Medivac  
  102  8:56  Marauder  
  102  8:58  Marine x2  
  102  9:02  Marine x3  
  105  9:03  Marine  
  106  9:16  Marine x3  
  98  9:25  Marine x4  
  94  9:33  Marine x2  
  94  9:34  Marine  
  88  9:42  Marine  
  88  9:43  Marine x3  
  88  9:49  Widow Mine x2  
  88  9:51  Marine  
  84  9:54  Medivac x2  
  84  9:56  Marine  
  86  10:01  Marauder  
  86  10:04  Marine  
  89  10:08  Marine  
  89  10:11  Marauder  
  89  10:14  Marine  
  93  10:18  Marauder  
  93  10:20  Marine  
  88  10:23  Marine x2  
  88  10:27  Marine  
  88  10:31  Marine  
  88  10:32  Marine  
  80  10:38  Marine  
  80  10:39  Marine  
Tags
 
Add a new tag
Caveats
  • Supply blocks, unpowered buildings, or Contaminate may cause inaccurate times.
  • Supply counts are checked every 10 seconds.